 Dungeon Crawl Stone Soup version 0.30.0-29-ga12c61a403 (webtiles) character file.

Game seed: 11759390650593138266

33 belegose the Grasshopper (level 3, 0/28 HPs)
             Began as a Demonspawn Warper on June 10, 2023.
             Killed from afar by Natasha (8 damage)
             ... with a magic dart
             ... on level 2 of the Dungeon.
             The game lasted 00:02:51 (1353 turns).

belegose the Grasshopper (Demonspawn Warper)        Turns: 1353, Time: 00:02:52

Health: 0/28       AC:  3    Str: 11    XL:     3   Next: 12%
Magic:  6/6        EV: 11    Int: 16    God:
Gold:   50         SH:  0    Dex: 12    Spells: 4/6 levels left

rFire   . . .        a - +0 falchion
rCold   . . .        (no shield)
rNeg    . . .        j - +0 leather armour
rPois   .            (no helmet)
rElec   .            (no cloak)
rCorr   .            (no gloves)
SInv    .            (no boots)
Will    .....        (no amulet)
Stlth   +            (no ring)
HPRegen 0.24/turn    (no ring)
MPRegen 0.20/turn

%: no passive effects
@: no status effects
A: magic regeneration
a: no special abilities


You were on level 2 of the Dungeon.
You visited 1 branch of the dungeon, and saw 2 of its levels.

You collected 50 gold pieces.

Inventory:

Hand Weapons
 a - a +0 falchion (weapon)
 b - a +0 sling
Missiles
 d - 7 boomerangs of dispersal (quivered)
 h - 7 stones
Armour
 j - a +0 leather armour (worn)
Scrolls
 c - a scroll of blinking
 e - a scroll of enchant armour {unknown}
 f - a scroll of immolation {unknown}
 i - a scroll of amnesia {unknown}
 m - a scroll of torment {unknown}
 n - a scroll of fear {unknown}
 o - a scroll of teleportation {unknown}
Potions
 g - a potion of heal wounds {unknown}
 k - 2 potions of mutation {unknown}
 l - a potion of lignification {unknown}


   Skills:
 + Level 2.4 Fighting
 + Level 2.2 Long Blades
 + Level 1.5 Throwing
 - Level 0.8 Armour
 - Level 1.7 Dodging
 + Level 2.1 Spellcasting
 + Level 2.8 Translocations


You had 4 spell levels left.
You knew the following spells:

 Your Spells              Type           Power      Damage    Failure   Level
a - Blink                 Tloc           20%        N/A       13%         2

Your spell library contained the following spells:

 Spells                   Type           Power      Damage    Failure   Level
 Lesser Beckoning         Tloc           20%        N/A       13%         2
 Teleport Other           Tloc           10%        N/A       26%         3
 Vhi's Electric Charge    Tloc/Air       12%        N/A       41%         3
 Manifold Assault         Tloc           10%        N/A       63%         4


Dungeon Overview and Level Annotations

Branches:
Dungeon (2/15)

Altars:

Annotations:
D:2 Natasha


Innate Abilities, Weirdness & Mutations

You regenerate magic rapidly.


Message History

There is an open door here.
You now have 50 gold pieces (gained 11).
As you open the door, it creaks loudly!
You hear an angry hiss.
Natasha, Servant of Life and Death comes into view.
You close the door.
You aren't carrying any items that you can evoke.
Unknown command.
Okay, then.
a - a +0 falchion (weapon)
Natasha opens the door.
You close the door.
Natasha breaks down the door.
Natasha misses you.
There is a broken door here.
You hit Natasha.
Natasha is moderately wounded.
Natasha closely misses you.
You barely miss Natasha.
Natasha is moderately wounded.
Natasha claws you.
Natasha howls an incantation.
Natasha shimmers violently.
Natasha claws you!
You closely miss Natasha.
Natasha is moderately wounded.
Natasha claws you!
You closely miss Natasha.
Natasha is moderately wounded.
Natasha wildly gestures.
Natasha shimmers violently.
Natasha claws you.
* * * LOW HITPOINT WARNING * * *
You barely miss Natasha.
Natasha is moderately wounded.
Natasha barely misses you.
You closely miss Natasha.
Natasha is moderately wounded.
Natasha growls.
Natasha stares at you and mumbles some strange words.
The magic dart hits you!
You die...

.#####.# ##############
.# #.# #.............
.#
#.########.............
.#
#.##.....'.............
.#
#.##.#####.............
## #.##.#
#............. # #....#
#............. # ######
#............. #
##@########### # #h# #
..# .... ..... .......
........ #.........


You could see Natasha.

Vanquished Creatures
  An adder (D:2)
  3 bats
  An endoplasm (D:1)
  A giant cockroach (D:1)
  3 goblins
  A hobgoblin (D:1)
  3 jackals (D:1)
  A quokka (D:2)
  3 ball pythons (D:1)
  4 kobolds
  A rat (D:1)
22 creatures vanquished.

Notes
Turn   | Place    | Note
-------+----------+-------------------------------------------
     0 | D:1      | belegose the Demonspawn Warper began the quest for the Orb.
     0 | D:1      | Reached XP level 1. HP: 16/16 MP: 3/3
   119 | D:1      | Reached skill level 1 in Throwing
   263 | D:1      | Found a faded altar of an unknown god.
   279 | D:1      | Gained mutation: You regenerate magic rapidly. [demonic
                  | ancestry]
   279 | D:1      | Reached XP level 2. HP: 22/22 MP: 5/5
   282 | D:1      | Learned a level 2 spell: Blink
  1177 | D:2      | Reached XP level 3. HP: 24/28 MP: 6/6
  1343 | D:2      | Noticed Natasha
  1353 | D:2      | Killed from afar by Natasha

Illustrated notes

Levels and vault maps discovered:
D:1:      nagdon_arrival_double_spiral, layout_loops_corners,
          shapermc_ecumenical_altar_venn, chequers_mini_garden,
          hangedman_feature_mirror
D:2:      layout_basic, uniq_natasha

Skill      XL: |  1 |
---------------+----+-----
Throwing       | 1 |  1.5
Long Blades    | 2 |  2.2
Fighting       | |  2.4
Armour         | |  0.8
Dodging        | |  1.7
Spellcasting   | |  2.1
Translocations | |  2.8

Action                     || total
---------------------------++-------
  Melee: Falchion          ||    57
         Punch             ||     1
   Fire: Sling             ||    26
 Armour: Leather armour    ||    20
  Dodge: Dodged            ||    44
